 Dungeon Crawl Stone Soup version 0.22-a0-567-gff9aefc (webtiles) character file.

7266 Hebeh the Cleaver (level 10, -3/92 HPs)
             Began as a Minotaur Fighter on June 29, 2018.
             Was an Elder of Trog.
             Slain by an unseen horror (6 damage)
             ... on level 9 of the Dungeon.
             The game lasted 00:33:38 (9401 turns).

Hebeh the Cleaver (Minotaur Fighter)                Turns: 9401, Time: 00:33:38

Health: -3/92      AC: 15    Str: 24    XL:     10   Next: 89%
Magic:  9/9        EV:  9    Int:  5    God:    Trog [****..]
Gold:   457        SH: 12    Dex: 10    Spells: 9/9 levels left

rFire    . . .     SeeInvis .   a - +0 war axe
rCold    . . .     Gourm    .   c - +0 shield
rNeg     . . .     Faith    .   k - +0 plate armour
rPois    .         Spirit   .   (helmet restricted)
rElec    .         Reflect  .   (no cloak)
rCorr    .         Harm     .   (no gloves)
MR       .....                  B - +0 pair of boots
Stlth    ..........             (no amulet)
HPRegen  0.25/turn              i - +3 ring of evasion
MPRegen  0.11/turn              (no ring)

@: no status effects
A: retaliatory headbutt, horns 2
a: Berserk, Trog's Hand, Brothers in Arms, Renounce Religion


You were on level 9 of the Dungeon.
You worshipped Trog.
Trog was greatly pleased with you.
You were very hungry.

You visited 1 branch of the dungeon, and saw 10 of its levels.
You also visited: Sewer.

You collected 593 gold pieces.
You spent 136 gold pieces at shops.

Inventory:

Hand Weapons
 a - a +0 war axe (weapon)
 b - a +1 whip of draining
Armour
 c - a +0 shield (worn)
 k - a +0 plate armour (worn)
 B - a +0 pair of boots (worn)
Jewellery
 i - a +3 ring of evasion (left hand)
Wands
 o - a wand of acid (23)
 w - a wand of random effects (57)
 y - a wand of disintegration (10)
 z - a wand of enslavement (9)
 A - a wand of iceblast (5)
Scrolls
 e - 7 scrolls of enchant weapon
 l - 2 scrolls of fog
 n - 12 scrolls of teleportation
 s - 2 scrolls of enchant armour
 t - a scroll of immolation
 u - 3 scrolls of magic mapping
 x - 2 scrolls of identify
Potions
 d - 2 potions of might
 g - 2 potions of haste
 h - 4 potions of curing
 j - 4 potions of cancellation
 m - a potion of berserk rage {unknown}
 p - 3 potions of flight
 q - a potion of invisibility {unknown}
 v - 2 potions of heal wounds
 C - a potion of resistance {unknown}
 D - a potion of brilliance {unknown}
 E - a potion of lignification {unknown}
Comestibles
 f - 19 rations


   Skills:
 + Level 9.7 Fighting
 * Level 12.6 Axes
 + Level 9.7 Armour
 + Level 9.7 Shields


You had 9 spell levels left.
You didn't know any spells.
Your spell library was empty.

Dungeon Overview and Level Annotations

Branches:
Dungeon (10/15)            Temple (0/1) D:7             Orc (0/2) D:9
   Lair: D:8-11

Altars:
Elyvilon
Fedhas
Gozag
Hepliaklqana
Kikubaaqudgha
Makhleb
Okawaru
Qazlal
Trog
Uskayaw
Xom
Yredelemnul

Shops:
D:4 ?

Annotations:
D:4 Eustachio
D:6 1 runed door, Defined's ghost, novice OpCj


Innate Abilities, Weirdness & Mutations

You reflexively headbutt those who attack you in melee.
You have a pair of horns on your head.


Message History

Something hits you but does no damage. Something hits you.
* * * LOW HITPOINT WARNING * * *
You see here an arrow.
Something hits you.
* * * LOW HITPOINT WARNING * * *
Something hits you.
* * * LOW HITPOINT WARNING * * *
There is a stone staircase leading down, spattered with blood here.
You see here an arrow.
Something hits you.
* * * LOW HITPOINT WARNING * * *
Something hits you.
* * * LOW HITPOINT WARNING * * *
You see here 2 arrows.
Something hits you but does no damage. Something hits you but does no damage.
Something hits you but does no damage. Something hits you.
You die...

#.####...(.....#......(..
#..##...(......#....#....
##.#....(†)....#.........
#.#....>................
#.#....(...........#....
#.#...........#....#####
#.....(......##....#
#..#........########
####...@....##
#..........# #..........#
#..........# #.....:....#
#..........# ##........##
##...)..## ########


There were no monsters in sight!

Vanquished Creatures
  3 two-headed ogres
  Pikel (D:4)
  3 hippogriffs
  Grum (D:10)
  A hungry ghost (D:8)
  A porcupine (D:10)
  Duvessa (D:7)
  3 phantoms
  3 black bears (D:10)
  3 orc warriors (D:9)
  5 ogres
  3 wolves
  7 centaurs
  A big kobold (D:6)
  2 bullfrogs (Sewer)
  3 scorpions
  Dowan (D:7)
  3 wights (D:6)
  5 howler monkeys
  2 crimson imps
  A bullfrog zombie (D:5)
  4 hounds
  2 jellies
  A centaur skeleton (D:4)
  2 bullfrog skeletons
  5 orc priests
  3 iguanas
  7 orc wizards
  4 worker ants
  Terence (D:2)
  A hound skeleton (D:8)
  3 gnolls (D:3)
  8 adders
  A shadow imp (D:8)
  9 oozes
  2 adder skeletons
  2 adder zombies
  4 worms
  4 dart slugs
  16 leopard geckos
  26 orcs
  16 giant cockroaches
  11 hobgoblins
  14 jackals
  12 kobolds
  3 quokkas
  6 ball pythons
  6 bats
  30 frilled lizards
  5 goblins
  A goblin zombie (D:6)
  8 rats
  A rat zombie (D:6)
271 creatures vanquished.

Vanquished Creatures (others)
  3 slaves (D:4)
  An orc wizard (D:4)
4 creatures vanquished.

Grand Total: 275 creatures vanquished

Notes
Turn   | Place    | Note
-------+----------+-------------------------------------------
     0 | D:1      | Hebeh the Minotaur Fighter began the quest for the Orb.
     0 | D:1      | Reached XP level 1. HP: 19/19 MP: 0/0
    19 | D:1      | Reached XP level 2. HP: 27/27 MP: 1/1
    22 | D:1      | Reached skill level 3 in Axes
   274 | D:1      | Reached XP level 3. HP: 33/33 MP: 2/2
   577 | D:2      | Noticed Terence
   591 | D:2      | Killed Terence
   857 | D:2      | Found a blossoming altar of Fedhas.
  1026 | D:2      | Reached XP level 4. HP: 40/40 MP: 3/3
  1413 | D:2      | Reached skill level 4 in Axes
  1614 | D:3      | Found an iron altar of Okawaru.
  1886 | D:3      | Reached XP level 5. HP: 44/47 MP: 4/4
  2285 | D:4      | Found Raanisel's Magic Scroll Boutique.
  2290 | D:4      | Bought a scroll of enchant weapon for 97 gold pieces
  2290 | D:4      | Bought a scroll of teleportation for 39 gold pieces
  2322 | D:4      | Noticed a phantom
  2365 | D:4      | Killed a phantom
  2365 | D:4      | Reached skill level 5 in Axes
  2602 | D:4      | Reached XP level 6. HP: 54/55 MP: 5/5
  2603 | D:4      | Found a hazy altar of Hepliaklqana.
  2603 | D:4      | Found a bloodstained altar of Trog.
  2603 | D:4      | Found a white marble altar of Elyvilon.
  2764 | D:4      | Became a worshipper of Trog the Wrathful
  2923 | D:4      | Reached skill level 5 in Fighting
  2923 | D:4      | Reached skill level 5 in Armour
  2923 | D:4      | Reached skill level 5 in Shields
  3243 | D:4      | Noticed Pikel
  3243 | D:4      | Noticed a slave
  3243 | D:4      | Noticed a slave
  3244 | D:4      | Noticed a slave
  3244 | D:4      | Noticed a slave
  3256 | D:4      | Killed Pikel
  3256 | D:4      | Reached skill level 7 in Axes
  3256 | D:4      | Reached XP level 7. HP: 52/63 MP: 6/6
  3662 | D:4      | Noticed Eustachio
  3869 | D:5      | Entered Level 5 of the Dungeon
  4000 | D:5      | Found a stormy altar of Qazlal.
  4093 | D:5      | Reached XP level 8. HP: 38/70 MP: 7/7
  4485 | D:5      | Found a glowing drain.
  4509 | Sewer    | Entered a sewer
  4666 | Sewer    | Reached * piety under Trog
  4762 | Sewer    | Reached skill level 8 in Axes
  4885 | Sewer    | Reached ** piety under Trog
  5447 | D:6      | Found a runed door.
  5456 | D:6      | Noticed Defined's ghost (novice OpCj)
  5462 | D:6      | Found an ancient bone altar of Kikubaaqudgha.
  5462 | D:6      | Found a shimmering altar of Xom.
  5463 | D:6      | Found a hide-covered altar of Uskayaw.
  5463 | D:6      | Found an opulent altar of Gozag.
  5502 | D:6      | Reached skill level 9 in Axes
  5547 | D:6      | Found a burning altar of Makhleb.
  6015 | D:6      | Reached *** piety under Trog
  6299 | D:7      | Noticed Duvessa
  6299 | D:7      | Noticed Dowan
  6308 | D:7      | Killed Dowan
  6308 | D:7      | Reached XP level 9. HP: 75/79 MP: 8/8
  6315 | D:7      | Killed Duvessa
  6425 | D:7      | Found a staircase to the Ecumenical Temple.
  7081 | D:8      | Found a basalt altar of Yredelemnul.
  7231 | D:8      | Reached skill level 10 in Axes
  7696 | D:9      | Noticed a two-headed ogre
  7759 | D:8      | Killed a two-headed ogre
  7759 | D:8      | Reached skill level 11 in Axes
  7759 | D:8      | Reached XP level 10. HP: 61/90 MP: 9/9
  8049 | D:9      | Reached **** piety under Trog
  8257 | D:9      | Found a staircase to the Orcish Mines.
  8385 | D:9      | Noticed a two-headed ogre
  8390 | D:9      | Killed a two-headed ogre
  8451 | D:9      | Noticed a two-headed ogre
  8465 | D:9      | Killed a two-headed ogre
  8465 | D:9      | Reached skill level 12 in Axes
  8860 | D:10     | Entered Level 10 of the Dungeon
  8879 | D:10     | Noticed Grum
  8970 | D:10     | Killed Grum
  9397 | D:9      | HP: 3/92 [something (3)]
  9401 | D:9      | Slain by an unseen horror

Vault maps used:
D:1:      sevenhm_arrival_forest_fort_small_3
D:2:      fedhas_altar_2, uniq_terence
D:3:      cheibrodos_old_hovel, kennysheep_okawaru_gauntlet,
          kennysheep_generic_room_2
D:4:      minitemple, serial_shops, kennysheep_little_box, sigmund_army,
          uniq_eustachio, uniq_pikel
D:5:      nicolae_overflow_crystal_walls, cheibrodos_sewer_entry_bend,
          first_ration, corexii_shack, serial_bayou_pond_d
D:6:      chequers_temple_overflow_statue_of_worship, lemuel_crystal_altar,
          enter_ossuary_4, ebering_ghost_reflecting_pool, minmay_lizard_king
D:7:      minmay_temple_entry_hall, grunt_ogre_cave, minmay_statues_item,
          grunt_decor_arrowhead, uniq_duvessa
D:8:      yredelemnul_altar_generic, lemuel_flame_loot_1
D:9:      erik_orc_3
D:10:     grunt_lair_entry_orc_guard_hut, nicolae_trove_entry_crossroad,
          uniq_psyche, uniq_joseph, uniq_grum
Sewer:    sewer_frog_island_02

Skill      XL: |  1  2  3  4  5  6  7  8  9 10 |
---------------+-------------------------------+-----
Axes           | 3 4 5 7 9 11 12 | 12.6
Shields        | 4 6 7 8 9 |  9.7
Armour         | 4 6 7 8 9 |  9.7
Fighting       | 4 6 7 8 9 |  9.7

Action                   |  1- 3 |  4- 6 |  7- 9 | 10-12 || total
-------------------------+-------+-------+-------+-------++-------
Melee: War axe           |    77 |    38 |   352 |   159 ||   626
       Headbutt          |    15 |    22 |    70 |    25 ||   132
       Whip              |       |   136 |    42 |       ||   178
  Use: Scroll            |       |       |     8 |     4 ||    12
  Eat: Chunk             |       |     7 |    17 |     4 ||    28
Armor: Scale mail        |    38 |    57 |     6 |       ||   101
       Plate armour      |       |       |   169 |   126 ||   295
Dodge: Dodged            |    29 |    42 |   121 |    43 ||   235
Block: Shield            |    39 |    76 |   233 |   110 ||   458

Table legend:
 A = Spawn XP
 B = Non-spawn XP
 C = Spawn XP percentage of total XP
 D = Spawn monster count
 E = Non-spawn monster count
 F = Spawn count percentage of total count
 G = Total turns spent on level
                    A         B        C        D         E        F      G
               +---------+---------+-------+---------+---------+-------+---------
         Total |       0 |   10380 |   0.0 |       0 |     272 |   0.0 |  9401
               +---------+---------+-------+---------+---------+-------+---------
           D:1 |       0 |      52 |   0.0 |       0 |      32 |   0.0 |   564
           D:2 |       0 |      70 |   0.0 |       0 |      13 |   0.0 |   991
           D:3 |       0 |      97 |   0.0 |       0 |      27 |   0.0 |   665
           D:4 |       0 |    1166 |   0.0 |       0 |      20 |   0.0 |  1649
           D:5 |       0 |     464 |   0.0 |       0 |      17 |   0.0 |  1115
           D:6 |       0 |     537 |   0.0 |       0 |      27 |   0.0 |   882
           D:7 |       0 |     425 |   0.0 |       0 |       8 |   0.0 |   731
           D:8 |       0 |    2699 |   0.0 |       0 |      22 |   0.0 |   832
           D:9 |       0 |    3386 |   0.0 |       0 |      39 |   0.0 |  1249
          D:10 |       0 |    1119 |   0.0 |       0 |      10 |   0.0 |   288
         Sewer |       0 |     365 |   0.0 |       0 |      57 |   0.0 |   435
               +---------+---------+-------+---------+---------+-------+---------
